 Seeded DCSS version 0.27-a0-1202-ge72e49191c (webtiles) character file.

Game seed: 512 (custom seed)

3187 Snicker the Covert (level 9, -15/65 HPs)
             Began as a Demonspawn Brigand on June 4, 2021.
             Was an Initiate of Gozag.
             Demolished by a death yak (20 damage)
             ... on level 10 of the Dungeon.
             The game lasted 00:13:49 (8393 turns).

Snicker the Covert (Demonspawn Brigand)             Turns: 8393, Time: 00:13:50

Health: -15/65     AC: 17    Str: 14    XL:     9   Next: 64%
Magic:  9/9        EV: 16    Int: 14    God:    Gozag
Gold:   322        SH:  0    Dex: 18    Spells: 8/8 levels left

rFire    + . .     SeeInvis .   a - +1 rapier (venom)
rCold    + . .     Faith    .   (no shield)
rNeg     . . .     Spirit   .   z - +0 ring mail {rF+}
rPois    .         Reflect  .   (no helmet)
rElec    .         Harm     .   D - +3 cloak of Bedo {rC+ Will+ Int+2 Dex+2}
rCorr    .         Rampage  .   B - +0 pair of gloves
Will     +....                  (no boots)
Stlth    ++++......             (no amulet)
HPRegen  0.20/turn              v - +4 ring of evasion
MPRegen  0.11/turn              F - +4 ring of protection

@: about to teleport, gold aura
A: hooves 2, icy blue scales 1, fangs 1, clumsy 1, strong 1, sturdy frame 1
a: Renounce Religion, Potion Petition, Call Merchant, Bribe Branch


You were on level 10 of the Dungeon.
You worshipped Gozag.
Gozag was aware of your devotion.
You visited 2 branches of the dungeon, and saw 11 of its levels.

You collected 671 gold pieces.
You spent 218 gold pieces at shops.
You paid 131 gold pieces to Gozag.

Inventory:

Hand Weapons
 a - a +1 rapier of venom (weapon)
 b - a +1 whip of electrocution
 I - a +2 dagger
Missiles
 d - 44 poisoned darts
 e - a curare-tipped dart (quivered)
 O - 3 javelins
Armour
 c - a +0 cloak
 q - a +0 leather armour
 z - a +0 ring mail of fire resistance (worn)
 B - a +0 pair of gloves (worn)
 D - the +3 cloak of Bedo (worn) {rC+ Will+ Int+2 Dex+2}
   (You bought it in a shop on level 5 of the Dungeon)

   It affects your intelligence (+2).
   It affects your dexterity (+2).
   It protects you from cold.
   It increases your willpower.
 N - a +0 robe
Jewellery
 f - a ring of see invisible
 v - a +4 ring of evasion (left hand)
 F - a +4 ring of protection (right hand)
Wands
 j - a wand of iceblast (6)
 m - a wand of mindburst (9)
 A - a wand of charming (1)
 G - a wand of paralysis (8)
 L - a wand of digging (4)
Scrolls
 g - 4 scrolls of identify
 h - 2 scrolls of blinking {unknown}
 i - a scroll of brand weapon {unknown}
 k - 2 scrolls of teleportation
 p - 2 scrolls of torment {unknown}
 t - a scroll of silence {unknown}
 w - 2 scrolls of noise {unknown}
 x - 3 scrolls of enchant weapon {unknown}
 y - a scroll of enchant armour {unknown}
 E - a scroll of magic mapping {unknown}
 H - a scroll of fear {unknown}
Potions
 l - a potion of flight {unknown}
 n - a potion of attraction {unknown}
 o - a potion of haste {unknown}
 r - 2 potions of berserk rage {unknown}
 s - a potion of brilliance {unknown}
 u - 2 potions of lignification
 C - a potion of might
 J - a potion of cancellation {unknown}
 K - a potion of curing
 M - a potion of degeneration {unknown}


   Skills:
 + Level 4.0 Fighting
 * Level 7.4 Short Blades
 + Level 2.4 Throwing
 + Level 4.7 Armour
 + Level 2.9 Dodging
 * Level 8.8 Stealth
 + Level 1.3 Evocations


You had 8 spell levels left.
You didn't know any spells.
Your spell library contained the following spells:

 Spells                   Type           Power      Damage    Failure   Level
 Summon Small Mammal      Summ           0%         N/A       36%         1
 Call Imp                 Summ           0%         N/A       52%         2
 Call Canine Familiar     Summ           0%         N/A       75%         3
 Summon Guardian Golem    Hex/Summ       0%         N/A       75%         3
 Summon Ice Beast         Ice/Summ       0%         N/A       98%         4
 Summon Lightning Spire   Summ/Air       0%         N/A       98%         4


Dungeon Overview and Level Annotations

Branches:
Dungeon (10/15)            Temple (1/1) D:5
   Lair: D:8-11         Orc: D:9-12

Altars:
Ashenzari
Cheibriados
Dithmenos
Elyvilon
Fedhas
Gozag
Hepliaklqana
Makhleb
Nemelex Xobeh
Okawaru
Qazlal
Ru
Sif Muna
Trog
Uskayaw
Vehumet
Wu Jian
Xom
Zin

Shops:
D:5 [

Annotations:
D:5 2 runed translucent doors, Dvallin's ghost, novice DjWz
D:10 Grum; Joseph


Innate Abilities, Weirdness & Mutations

You have hoof-like feet.
You are partially covered in icy blue scales. (AC +2)
You have very sharp teeth.
You are clumsy. (Dex -2)
Your muscles are strong. (Str +2)
Your movements are slightly less encumbered by armour. (ER -2)


Message History

t - Shout!
Orders for allies: a - Attack new target. p - Attack previous target. r - Retreat! s - Stop attacking. g - Guard the area. f - Follow me.
Anything else - Cancel.
Gang up on whom?
Press: ? - help, Dir - move target, p - Grum There's nothing there!
There are no items here.
You swap places.
The sentinel's mark upon you fades away.
A centaur zombie comes into view.
The centaur shouts!
The orc priest hits you but does no damage.
An orc wizard comes into view. It is wielding a +0 dagger of flaming.
You closely miss the orc priest. You kick the orc priest.
The orc priest is moderately wounded.
The orc priest calls down the wrath of Beogh upon you.
Beogh smites you!
* * * LOW HITPOINT WARNING * * *
Grum closely misses the orc priest.
Unknown command.
The orc priest hits Grum but does no damage.
Grum hits the orc priest with a +0 halberd of freezing.
Grum freezes the orc priest.
The death yak snorts and paws the ground.
The orc priest hits Grum with a +0 dagger.
Grum closely misses the orc priest.
The orc priest hits Grum but does no damage.
Grum hits the orc priest with a +0 halberd of freezing.
Grum freezes the orc priest.
The orc priest dies!
As you read the scroll labelled KUSKOSONT CODGH, it crumbles to dust.
It is a scroll of identify.
k - 3 scrolls of teleportation The death yak closely misses you.
As you read the scroll of teleportation, it crumbles to dust.
You feel strangely unstable. The death yak gores you!!
You die...
Your body crumbles into a pile of gold.

.8.# ... .## #. ##..#
#..##.. ##....##
#.......... #.##...#
..##...# .... .....#
.....# #... #..##
#....# ... #@g###...#
#.. ##Y.##...# ##.#
#...#..@######...
#.#.Y$o..$oc##c...
#......@.#####Z.Y@##.
##.....#..# ###.###.
.....###..# #.##.#
.....# ##.# ##....
....# .# #..#.#


You could see 2 death yaks, Joseph, an orc wizard and the friendly Grum
(charmed).

Vanquished Creatures
  A troll (D:5)
  Sigmund (D:3)
  A wyvern (D:7)
  A steam dragon (D:5)
  Menkaure (D:5)
  2 water moccasins
  An orc warrior (D:7)
  A black bear (D:4)
  A necrophage (D:6)
  2 centaurs
  2 wolves (D:10)
  3 ogres
  A phantom (D:3)
  2 scorpions (D:5)
  A bullfrog (D:6)
  8 killer bees (D:8)
  2 centaur zombies
  An orc priest (D:7)
  3 hounds
  A bullfrog skeleton (D:5)
  3 iguanas
  Jessica (D:3)
  Terence (D:3)
  2 orc wizards
  Natasha (thrice) (D:3)
  A scorpion zombie (D:5)
  A howler monkey zombie (D:5)
  4 gnolls (D:2)
  4 adders
  3 howler monkey skeletons
  2 white imps
  3 worms
  2 dart slugs
  11 orcs
  5 ball pythons
  2 bats
  3 endoplasms
  4 giant cockroaches
  5 goblins
  3 hobgoblins
  6 jackals
  4 kobolds
  3 quokkas
  3 frilled lizards (D:1)
  7 rats
122 creatures vanquished.

Vanquished Creatures (collateral kills)
  An orc priest (D:10)
1 creature vanquished.

Grand Total: 123 creatures vanquished

Notes
Turn   | Place    | Note
-------+----------+-------------------------------------------
     0 | D:1      | Snicker the Demonspawn Brigand began the quest for the Orb.
     0 | D:1      | Reached XP level 1. HP: 16/16 MP: 1/1
   409 | D:1      | Reached skill level 4 in Stealth
   453 | D:1      | Found a faded altar of an unknown god.
   582 | D:1      | Gained mutation: You have large cloven feet. [demonic
                  | ancestry]
   582 | D:1      | Reached XP level 2. HP: 19/22 MP: 2/2
  1170 | D:2      | Reached XP level 3. HP: 24/27 MP: 3/3
  1247 | D:2      | Reached skill level 5 in Stealth
  1247 | D:2      | Reached XP level 4. HP: 25/33 MP: 4/4
  1843 | D:3      | Reached skill level 1 in Dodging
  2229 | D:3      | Noticed Jessica
  2234 | D:3      | Killed Jessica
  2235 | D:3      | Reached XP level 5. HP: 37/39 MP: 5/5
  2238 | D:3      | Noticed Natasha
  2246 | D:3      | Killed Natasha
  2683 | D:3      | Noticed Sigmund
  2691 | D:3      | Killed Sigmund
  2692 | D:3      | Reached skill level 6 in Stealth
  2692 | D:3      | Gained mutation: You are partially covered in icy blue
                  | scales. (AC +2) [demonic ancestry]
  2692 | D:3      | Reached XP level 6. HP: 38/46 MP: 6/6
  2740 | D:3      | Noticed Natasha
  2752 | D:3      | Killed Natasha
  2758 | D:3      | Noticed Terence
  2765 | D:3      | Killed Terence
  2787 | D:3      | Noticed Natasha
  2808 | D:3      | Killed Natasha
  3088 | D:3      | Found a shimmering altar of Xom.
  3712 | D:4      | Reached skill level 1 in Armour
  3733 | D:4      | Reached XP level 7. HP: 43/51 MP: 7/7
  4261 | D:4      | Found a bloodstained altar of Trog.
  4459 | D:5      | Entered Level 5 of the Dungeon
  4554 | D:5      | Reached skill level 7 in Stealth
  4778 | D:5      | Noticed a troll
  4781 | D:5      | Found a staircase to the Ecumenical Temple.
  4799 | D:5      | Killed a troll
  4800 | D:5      | Gained mutation: You have hoof-like feet. [demonic
                  | ancestry]
  4800 | D:5      | Reached XP level 8. HP: 18/58 MP: 8/8
  5017 | Temple   | Entered the Ecumenical Temple
  5568 | D:5      | Noticed Menkaure
  5572 | D:5      | Found a large runed translucent door.
  5572 | D:5      | Found a large runed translucent door.
  5573 | D:5      | Noticed Dvallin's ghost (novice DjWz)
  5582 | D:5      | Killed Menkaure
  5583 | D:5      | Reached skill level 5 in Short Blades
  5655 | D:5      | Found Pifo's Antique Armour Shoppe.
  5678 | D:5      | Reached skill level 1 in Evocations
  5686 | D:5      | Bought a crude cloak for 218 gold pieces
  5686 | D:5      | Identified the +3 cloak of Bedo {rC+ Will+ Int+2 Dex+2}
                  | (You bought it in a shop on level 5 of the Dungeon)
  5958 | D:6      | Found a broken altar of Ashenzari.
  5959 | D:6      | Found an ornate altar of the Wu Jian Council.
  5960 | D:6      | Found an opulent altar of Gozag.
  5969 | D:6      | Reached skill level 8 in Stealth
  6170 | D:6      | Reached XP level 9. HP: 64/64 MP: 9/9
  6330 | D:6      | Found a sacrificial altar of Ru.
  6445 | D:6      | Became a worshipper of Gozag Ym Sagoz the Greedy
  6595 | D:6      | Found a radiant altar of Vehumet.
  6910 | D:7      | Found a snail-covered altar of Cheibriados.
  7270 | D:7      | You fall into a shaft and drop 1 floor!
  7270 | D:8      | Found a blossoming altar of Fedhas.
  7595 | D:8      | Gained mutation: You are frail. (-10% HP) [potion of
                  | mutation]
  7602 | D:8      | Lost mutation: You are frail. (-10% HP) [potion of
                  | mutation]
  7602 | D:8      | Gained mutation: Your movements are slightly less
                  | encumbered by armour. (ER -2) [potion of mutation]
  7602 | D:8      | Gained mutation: Your muscles are strong. (Str +2) [potion
                  | of mutation]
  7602 | D:8      | Gained mutation: You are clumsy. (Dex -2) [potion of
                  | mutation]
  7602 | D:8      | Gained mutation: You have very sharp teeth. [potion of
                  | mutation]
  8323 | D:9      | Noticed a seven-headed hydra
  8332 | D:10     | Entered Level 10 of the Dungeon
  8355 | D:10     | Noticed Grum
  8378 | D:10     | Noticed Joseph
  8380 | D:10     | Noticed a death yak
  8380 | D:10     | Noticed a death yak
  8393 | D:10     | Demolished by a death yak

Illustrated notes

Levels and vault maps discovered:
D:1:      mushboom_english_gardens, layout_basic,
          shapermc_ecumenical_altar_mp_vishouse
D:2:      layout_rooms
D:3:      layout_loops_cross, overflow_temple_1_default, lemuel_crystal_altar,
          uniq_sigmund, uniq_natasha, uniq_terence, uniq_jessica
D:4:      layout_loops_ring, bloody_trog, minivault_4
D:5:      layout_cave_pools, minmay_temple_entry_butterflies, serial_shops,
          shop, ebering_ghost_disaster_area, minmay_ogre_servants, uniq_menkaure
D:6:      layout_loops_ring, lemuel_crystal_altar,
          chequers_temple_overflow_statue_of_worship, general_overflow_altar
D:7:      layout_basic, lemuel_round_altar, kennysheep_mini, glass_columns_c
D:8:      layout_basic, fedhas_altar_1
D:9:      layout_loops_cross, tgw_kikubaaqudgha, enter_bailey_8, serial_shops,
          kennysheep_mini_moat, nicolae_shop_trees, minivault_19
D:10:     layout_layer_cave, lemuel_doored_altar, dpeg_lair_monsters,
          serial_shops, shop, enter_trove_2, uniq_gastronok, uniq_grum,
          uniq_joseph
Temple:   compressed_dpeg_triangle_lava_temple

Skill      XL: |  1  2  3  4  5  6  7  8  9 |
---------------+----------------------------+-----
Stealth        | 4 5 6 7 8 |  8.8
Short Blades   | 2 3 4 6 7 |  7.4
Dodging        | 1 2 |  2.9
Throwing       | 2 |  2.4
Armour         | 1 3 4 |  4.7
Fighting       | 3 4 |  4.0
Evocations     | 1 |  1.3

Action                   |  1- 3 |  4- 6 |  7- 9 || total
-------------------------+-------+-------+-------++-------
Melee: Dagger            |    46 |   154 |   183 ||   383
       Kick              |     3 |    40 |    95 ||   138
       Rapier            |       |       |   111 ||   111
       Bite              |       |       |     1 ||     1
Throw: Dart              |     2 |    22 |     1 ||    25
Evoke: Wand              |     2 |       |    13 ||    15
  Use: Potion            |       |     1 |     5 ||     6
       Scroll            |       |       |     2 ||     2
 Stab: Sleeping          |     7 |     9 |     8 ||    24
       Paralysed         |       |       |     5 ||     5
Armor: Robe              |    12 |     5 |       ||    17
       Leather armour    |       |    24 |     3 ||    27
       Ring mail         |       |       |    88 ||    88
       Skin              |       |       |    10 ||    10
Dodge: Dodged            |    33 |    50 |   248 ||   331

Table legend: (Time is in decaauts)
 A = Elapsed time spent in this place.
 B = Non-inter-level travel time spent in this place.
 C = Inter-level travel time spent in this place.
 D = Time resting spent in this place.
 E = Time spent auto-exploring this place.
 F = Levels seen in this place.
 G = Mean time per level.
                   A        B        C        D        E       F      G
               +--------+--------+--------+--------+--------+-----+--------+
         Total |   8305 |   8041 |    264 |   1056 |   5585 |  11 |  755.0 |
       Dungeon |   8068 |   7821 |    247 |   1056 |   5366 |  10 |  806.8 |
        Temple |    236 |    219 |     17 |      0 |    219 |   1 |  236.0 |
               +--------+--------+--------+--------+--------+-----+--------+

Top non-repeatable levels by time:
     D:3: 1791 daAuts
     D:5: 1145 daAuts
     D:1: 1108 daAuts
     D:8: 1041 daAuts
     D:6: 872 daAuts
     D:4: 842 daAuts
     D:2: 687 daAuts
     D:7: 507 daAuts
  Temple: 236 daAuts
    D:10: 58 daAuts
     D:9: 13 daAuts
